[gd_scene load_steps=4 format=2]

[ext_resource path="res://entities/battle_gains_screen/battle_gains_screen.gd" type="Script" id=1]
[ext_resource path="res://tres/fonts/alice_24.tres" type="DynamicFont" id=2]
[ext_resource path="res://tres/fonts/alice_18.tres" type="DynamicFont" id=3]

[node name="BattleGainsScreen" type="CanvasLayer"]
layer = 10
script = ExtResource( 1 )

[node name="HTTPRequest" type="HTTPRequest" parent="."]

[node name="Panel" type="Panel" parent="."]
margin_left = 77.0
margin_top = 9.0
margin_right = 920.0
margin_bottom = 440.0

[node name="ResultLabel" type="Label" parent="Panel"]
margin_left = 363.0
margin_top = 6.0
margin_right = 465.0
margin_bottom = 34.0
grow_horizontal = 2
custom_fonts/font = ExtResource( 2 )
text = "VICTORY"
align = 1

[node name="XpLabel" type="Label" parent="Panel"]
margin_left = 20.0
margin_top = 51.0
margin_right = 60.0
margin_bottom = 65.0
text = "Xp:"

[node name="CloseButton" type="Button" parent="Panel"]
margin_left = 803.0
margin_top = 8.0
margin_right = 836.0
margin_bottom = 37.0
custom_fonts/font = ExtResource( 3 )
text = "X"

[node name="SkillGainsHolder" type="VBoxContainer" parent="Panel"]
margin_left = 23.0
margin_top = 89.0
margin_right = 63.0
margin_bottom = 129.0

[node name="XpLabel2" type="Label" parent="Panel"]
margin_left = 425.0
margin_top = 52.0
margin_right = 465.0
margin_bottom = 66.0
text = "Loot:"

[node name="LootGridContainer" type="GridContainer" parent="Panel"]
margin_left = 420.0
margin_top = 72.0
margin_right = 828.0
margin_bottom = 416.0
columns = 5

[connection signal="pressed" from="Panel/CloseButton" to="." method="_on_close_button_pressed"]
